AoeStats
← Micropartícula

Golden Pit

508772733Analyzed
1v1 RM · 9d ago on Sep 24, 2026· 49m 41s· 2 players
Game mode
Random Map
Map size
Tiny (2 player)
Population
200
Speed
Normal
Resources
Standard
Victory
Conquest
Starting age
Dark Age
Ending age
Imperial Age
RankedLock teamsTeams togetherTeam positionsShared explorationLock speedFull tech treeHidden civsTurbo modeCheats
Victory
Defeat
🇨🇱 Mongols · Chile
1152
+16
🇦🇺 Vikings · Australia
1143
-16
Carpellia
5:33 Loom
11:42 Feudal Age
13:23 Double-Bit Axe
13:57 Horse Collar
20:28 Castle Age
21:02 Scale Mail Armor
21:04 Padded Archer Armor
22:51 Leather Archer Armor
22:50 Fletching
27:37 Bodkin Arrow
28:36 Bow Saw
33:45 Scale Mail Armor
33:50 Squires
33:36 Arson
35:58 Chain Mail Armor
38:47 Imperial Age
37:46 Forging
41:29 Imperial Age
40:09 Ballistics
41:14 Iron Casting
42:55 Elite Varangian Guard
45:45 Plate Mail Armor
45:56 Heavy Plow
46:59 Two-Man Saw
50:02 Blast Furnace
Micropartícula
3:18 Loom
9:52 Feudal Age
10:31 Double-Bit Axe
14:03 Fletching
18:54 Wheelbarrow
22:47 Castle Age
25:53 Forging
25:49 Scale Barding Armor
28:33 Bloodlines
28:21 Gold Mining
33:07 Horse Collar
35:00 Iron Casting
41:06 Imperial Age
41:13 Chain Barding Armor
41:22 Town Watch
42:23 Gold Shaft Mining
42:12 Conscription
41:15 Cavalier
44:23 Blast Furnace
44:17 Husbandry
45:36 Heavy Plow
50:14 Town Patrol
Connection lost

Rejoining the realm…

Still unreachable

The connection could not be restored.

Session expired

The server has moved on; the page needs a fresh start.